 Dungeon Crawl Stone Soup version 0.28.0-45-g0d030f2227 (webtiles) character file.

Game seed: 2551043077204087808

1323 101zpm the Magician (level 8, -3/52 HPs)
             Began as a Djinni Ice Elementalist on Apr 11, 2022.
             Killed by divine providence
             ... invoked by an orc priest
              (12 damage)
             ... on level 5 of the Dungeon.
             The game lasted 00:17:42 (6547 turns).

101zpm the Magician (Djinni Ice Elementalist)       Turns: 6547, Time: 00:17:42

Health: -3/52      AC:  3    Str:  7    XL:     8   Next: 90%
Gold:   130        EV: 13    Int: 20    God:
                   SH:  0    Dex: 13

rFire   + + .      SeeInvis .   p - +2 whip (freeze)
rCold   x . .      Faith    .   (no shield)
rNeg    + . .      Spirit   .   a - +0 robe
rPois   ∞          Reflect  .   (no helmet)
rElec   .          Harm     .   r - +0 cloak
rCorr   .          Rampage  .   (no gloves)
Will    .....                   (boots unavailable)
Stlth   ++........              (no amulet)
HPRegen 0.17/turn               h - ring of positive energy
MPRegen 0.00/turn               (no ring)

@: marked, freezing walls, flying
A: sickness immunity, fire resistance 2, cold vulnerability 1, float, innate
caster, HP casting, extra vitality 1
a: no special abilities


You were on level 5 of the Dungeon.
You visited 1 branch of the dungeon, and saw 5 of its levels.

You collected 130 gold pieces.

Inventory:

Hand Weapons
 g - a +1 whip of electrocution
 p - a +2 whip of freezing (weapon)
Armour
 a - a +0 robe (worn)
 r - a +0 cloak (worn)
Jewellery
 h - a ring of positive energy (left hand)
Scrolls
 b - a scroll of enchant weapon {unknown}
 c - 2 scrolls of teleportation {unknown}
 d - a scroll of immolation {unknown}
 e - 3 scrolls of identify {unknown}
 i - 3 scrolls of fog {unknown}
 j - a scroll of enchant armour {unknown}
 n - a scroll of magic mapping {unknown}
 s - a scroll of noise {unknown}
Potions
 f - 2 potions of heal wounds {unknown}
 k - a potion of mutation {unknown}
 l - a potion of degeneration {unknown}
 m - a potion of might {unknown}
 o - a potion of invisibility {unknown}
 q - a potion of berserk rage {unknown}


   Skills:
 + Level 1.4 Fighting
 + Level 1.5 Maces & Flails
 + Level 3.2 Dodging
 + Level 3.1 Stealth
 + Level 7.7 Spellcasting


You had 5 spell levels left.
You knew the following spells:

 Your Spells              Type           Power      Damage    Failure   Level
a - Freeze                Ice            100%       1d11      1%          1
b - Frozen Ramparts       Ice            76%        1d9       1%          3
c - Ozocubu's Armour      Ice            38%        N/A       1%          3
d - Hailstorm             Conj/Ice       38%        3d9       3%          4
e - Magic Dart            Conj           100%       1d8       1%          1
f - Poisonous Vapours     Pois/Air       76%        N/A       1%          2
g - Call Canine Familiar  Summ           38%        N/A       1%          3
Your spell library was empty.

Dungeon Overview and Level Annotations

Branches:
Dungeon (5/15)
 Temple: D:4-7

Altars:
Xom
Yredelemnul
The Shining One

Shops:
D:2 !


Innate Abilities, Weirdness & Mutations

You are immune to sickness and miasma.
You are immune to poison.
Your flesh is very heat resistant. (rF++)
You are vulnerable to cold. (rC-)
You float through the air rather than walking.
You learn spells naturally, not from books.
Your magical power is your life essence.
You have superior vitality. (+4 MHP)


Message History

The water moccasin skeleton barely misses you.
Casting: Freeze (safe; 1% risk of failure)
Confirm with . or Enter, or press ? or * to list all spells.
Casting: Frozen Ramparts (safe; 1% risk of failure)
Press: ? - help, Dir - look around, f - activate The walls around you are covered in ice.
The wall freezes the hound.
The hound closely misses you.
The wall freezes the orc priest.
The water moccasin skeleton completely resists.
The wall freezes the water moccasin skeleton but does no damage.
The water moccasin skeleton misses you.
Casting: Frozen Ramparts (safe; 1% risk of failure)
Confirm with . or Enter, or press ? or * to list all spells.
The wall freezes the hound.
The hound bites you.
The water moccasin skeleton completely resists.
The wall freezes the water moccasin skeleton but does no damage.
The water moccasin skeleton bites you!
The wall freezes the orc priest.
The orc priest looks encouraged for a moment.
The wall freezes the hound.
The hound closely misses you.
Aiming: Freeze (safe; 1% risk of failure)
Press: ? - help, Q - select action, (/) - cycle Shift-Dir - straight line, f - hound
Aim: a hound (heavily wounded)
Okay, then.
Casting: Freeze (safe; 1% risk of failure)
Confirm with . or Enter, or press ? or * to list all spells.
Aiming: Poisonous Vapours (safe; 1% risk of failure)
Press: ? - help, Dir - move target, f - orc priest
Aim: an orc priest, wielding a +0 mace (heavily wounded) Poisonous vapours surround the orc priest!
The orc priest is poisoned.
The wall freezes the hound.
The hound bites you.
* * * LOW HITPOINT WARNING * * *
The water moccasin skeleton completely resists.
The wall freezes the water moccasin skeleton but does no damage.
The water moccasin skeleton bites you.
* * * LOW HITPOINT WARNING * * *
Your hound bites the water moccasin skeleton.
The wall freezes the orc priest.
The orc priest mumbles some strange prayers to Beogh against you.
Beogh smites you!
You die...

######.# #.. # ..
#.# #####)# .##.
#.####.....# ...
#.[....###.###.# ..
#####..###.(...#....
#...............
##.#####.###..#. #.#
#.ho# # #.# #@###
#.# #Z# #.# #h# #.#
#.# #.. ... #.# #.#
#.#


You could see a hound, an orc priest (very poisoned), a water moccasin skeleton
(ally target) and a friendly hound (summoned).

Vanquished Creatures
  Pikel (D:4)
  Grinder (D:3)
  Eustachio (D:4)
  A necrophage (D:2)
  2 lemures (D:4)
  2 orc priests (D:3)
  A centaur skeleton (D:3)
  Jessica (D:2)
  An iguana (D:4)
  6 orc wizards
  A killer bee zombie (D:4)
  3 gnolls (D:3)
  An adder (D:2)
  An adder skeleton (D:4)
  A worm (D:4)
  2 dart slugs
  8 orcs
  A bat (D:3)
  4 endoplasms
  A giant cockroach (D:2)
  3 goblins
  5 hobgoblins
  11 kobolds
  6 quokkas
  9 ball pythons
  3 frilled lizards
  3 rats
80 creatures vanquished.

Vanquished Creatures (collateral kills)
  An orc wizard (D:3)
  An adder (D:3)
  A frilled lizard (D:3)
3 creatures vanquished.

Grand Total: 83 creatures vanquished

Notes
Turn   | Place    | Note
-------+----------+-------------------------------------------
     0 | D:1      | 101zpm the Djinni Ice Elementalist began the quest for the
                  | Orb.
     0 | D:1      | Reached XP level 1. HP: 15/15 MP: 0/0
   367 | D:1      | Reached XP level 2. HP: 20/21 MP: 0/0
  1374 | D:3      | Reached XP level 3. HP: 19/25 MP: 0/0
  1374 | D:3      | Learned a level 1 spell: Magic Dart
  1506 | D:3      | Reached skill level 4 in Spellcasting
  1506 | D:3      | Reached XP level 4. HP: 11/31 MP: 0/0
  1852 | D:3      | Found a faded altar of an unknown god.
  1855 | D:3      | Noticed Grinder
  1876 | D:3      | Paralysed by Grinder for 5 turns
  2584 | D:4      | Reached XP level 5. HP: 27/36 MP: 0/0
  2584 | D:4      | Learned a level 2 spell: Poisonous Vapours
  2938 | D:4      | Reached skill level 1 in Maces & Flails
  2938 | D:4      | Reached XP level 6. HP: 23/41 MP: 0/0
  3166 | D:2      | Noticed Jessica
  3197 | D:2      | Killed Jessica
  3198 | D:2      | Reached skill level 5 in Spellcasting
  3365 | D:2      | Found Ahuag's Distillery.
  3502 | D:2      | Noticed a necrophage
  3511 | D:2      | Killed a necrophage
  3512 | D:2      | Reached skill level 1 in Fighting
  4038 | D:3      | Reached XP level 7. HP: 10/47 MP: 0/0
  4038 | D:3      | Learned a level 3 spell: Call Canine Familiar
  4721 | D:3      | Paralysed by Grinder for 2 turns
  4731 | D:3      | Paralysed by Grinder for 7 turns
  4742 | D:3      | Killed Grinder
  4743 | D:3      | Reached skill level 6 in Spellcasting
  5027 | D:3      | Found a glowing golden altar of the Shining One.
  5027 | D:3      | Found a shimmering altar of Xom.
  5647 | D:4      | Noticed Eustachio
  5666 | D:4      | Killed Eustachio
  5667 | D:4      | Reached XP level 8. HP: 28/52 MP: 0/0
  5996 | D:4      | Noticed Pikel
  6007 | D:4      | Killed Pikel
  6008 | D:4      | Reached skill level 7 in Spellcasting
  6321 | D:4      | Found a basalt altar of Yredelemnul.
  6514 | D:5      | Entered Level 5 of the Dungeon
  6547 | D:5      | Killed from afar by an orc priest

Illustrated notes

Levels and vault maps discovered:
D:1:      eino_arrival_cavern_a, layout_basic
D:2:      layout_basic, serial_shops, nicolae_shop_window_shopping, uniq_jessica
D:3:      layout_loops_corners, mainiacjoe_overflow_divided_tiny,
          nicolae_ecumenical_snake_handling, uniq_crazy_yiuf_cottage,
          uniq_grinder
D:4:      layout_rooms, marbit_many_paths, minmay_a_box_with_orc_wizards_in_it,
          uniq_eustachio, uniq_pikel
D:5:      layout_loops_ring, minmay_temple_entry_proselytizer, amethyst_killhole

Skill      XL: |  1  2  3  4  5  6  7  8 |
---------------+-------------------------+-----
Spellcasting   | 4 5 6 7 |  7.7
Stealth        | 2 3 |  3.1
Maces & Flails | 1 |  1.5
Dodging        | 3 |  3.2
Fighting       | 1 |  1.4

Action                   |  1- 3 |  4- 6 |  7- 9 || total
-------------------------+-------+-------+-------++-------
Melee: Unarmed           |     1 |       |       ||     1
       Whip              |     7 |    11 |    13 ||    31
 Cast: Freeze            |    28 |    27 |     9 ||    64
       Frozen Ramparts   |     1 |    17 |    13 ||    31
       Magic Dart        |       |    14 |    41 ||    55
       Poisonous Vapours |       |    10 |     4 ||    14
       Call Canine Famil |       |       |    10 ||    10
 Stab: Sleeping          |       |       |     2 ||     2
Armor: Robe              |     6 |     5 |     2 ||    13
Dodge: Dodged            |    30 |    27 |    32 ||    89
